| TOP OF THE 1ST |
|
Fargo Brewmasters batting - Pitching for Williston Water Wolves : LHP Steven Sitek
|
|
Pitching: LHP Steven Sitek
|
|
|
Batting: SHB Angel Escobar
|
0-0: Ball 1-0: Ball 2-0: Ball 3-0: Base on Balls
|
|
Batting: LHB Victor Fernandez
|
0-0: Ball 1-0: Swinging Strike 1-1: Ball 2-1: Foul Ball, location: 2F 2-2: Ball 3-2: Base on Balls Angel Escobar to second
|
|
Batting: RHB Forace Oxendine
|
0-0: Ball 1-0: Ball 2-0: Ball 3-0: Base on Balls Angel Escobar to third Victor Fernandez to second
|
|
Batting: RHB Dick E Scott
|
0-0: Called Strike 0-1: Ball 1-1: Ball 2-1: Ball 3-1: Base on Balls Angel Escobar scores Victor Fernandez to third Forace Oxendine to second
|
|
Batting: RHB Gus Polidor
|
0-0: Fly out, F2 (Popup, 23F, EV 83.1 MPH)
|
|
Batting: RHB Juan Picart
|
0-0: Ball 1-0: Grounds into fielders choice 1-2 (Groundball, P, EV 72.5 MPH) Forace Oxendine to third Dick E Scott to second
|
|
Batting: SHB Elton Hooker
|
0-0: Fly out, F3 (Popup, 3SF, EV 71.3 MPH)
|
| Top of the 1st over - 1 run, 0 hits, 0 errors, 3 left on base; Fargo 1 - Williston 0 |
| BOTTOM OF THE 1ST |
|
Williston Water Wolves batting - Pitching for Fargo Brewmasters : RHP Steven Stone
|
|
Pitching: RHP Steven Stone
|
|
|
Batting: RHB Jim Reboulet
|
0-0: Foul Ball, location: 2F 0-1: Called Strike 0-2: Ball 1-2: Ball 2-2: SINGLE (Line Drive, 9S, EV 99.4 MPH)
|
|
Batting: RHB Alexis Rendon
|
0-0: Ball 1-0: Called Strike 1-1: Ball 2-1: Foul Ball, location: 2F 2-2: Ball 3-2: Fly out, F4 (Popup, 4D, EV 50.0 MPH)
|
|
Batting: RHB Pat Jelks
|
0-0: Ball 1-0: Fly out, F9 (Line Drive, 9D, EV 102.5 MPH)
|
|
Batting: LHB John Turner
|
0-0: Ball Jim Reboulet is caught stealing 2nd base 2-6
|
| Bottom of the 1st over - 0 runs, 1 hit, 0 errors, 0 left on base; Fargo 1 - Williston 0 |
| TOP OF THE 2ND |
|
Fargo Brewmasters batting - Pitching for Williston Water Wolves : LHP Steven Sitek
|
|
Batting: RHB Adolph Crump
|
0-0: Ball 1-0: Ball 2-0: Ball 3-0: Called Strike 3-1: Fly out, F3 (Popup, 34S, EV 74.4 MPH)
|
|
Batting: RHB Randall Thorpe
|
0-0: Ground out 3-1 (Groundball, 34S, EV 84.4 MPH)
|
|
Batting: SHB Angel Escobar
|
0-0: Ball 1-0: Called Strike 1-1: Ball 2-1: Ball 3-1: Base on Balls
|
|
Batting: LHB Victor Fernandez
|
0-0: Swinging Strike 0-1: Swinging Strike 0-2: Foul Ball, location: 2F 0-2: Foul Ball, location: 2F 0-2: Fielders Choice at 2nd, U4 (Groundball, 4M, EV 101.3 MPH)
|
| Top of the 2nd over - 0 runs, 0 hits, 0 errors, 1 left on base; Fargo 1 - Williston 0 |
| BOTTOM OF THE 2ND |
|
Williston Water Wolves batting - Pitching for Fargo Brewmasters : RHP Steven Stone
|
|
Batting: LHB John Turner
|
0-0: Foul Ball, location: 2F 0-1: Foul Ball, location: 2F 0-2: Ball 1-2: Foul Ball, location: 2F 1-2: Ball 2-2: Foul Ball, location: 2F 2-2: Ball 3-2: Base on Balls
|
|
Batting: RHB Pat Borders
|
0-0: Fly out, F6 (Popup, 6M, EV 68.8 MPH)
|
|
Batting: SHB Devon White
|
0-0: Ball 1-0: Fielders Choice at 2nd, 4-6 (Groundball, 4M, EV 79.4 MPH)
|
|
Batting: RHB Nelson Santovenia
|
0-0: Ball 1-0: Foul Ball, location: 2F 1-1: Called Strike 1-2: Ground out 3-1 (Groundball, 3L, EV 98.1 MPH)
|
| Bottom of the 2nd over - 0 runs, 0 hits, 0 errors, 1 left on base; Fargo 1 - Williston 0 |
| TOP OF THE 3RD |
|
Fargo Brewmasters batting - Pitching for Williston Water Wolves : LHP Steven Sitek
|
|
Batting: RHB Forace Oxendine
|
0-0: Called Strike 0-1: Swinging Strike 0-2: Strikes out swinging
|
|
Batting: RHB Dick E Scott
|
0-0: Ball 1-0: Ball 2-0: Called Strike 2-1: Ball 3-1: Base on Balls
|
|
Batting: RHB Gus Polidor
|
0-0: Called Strike 0-1: Foul Ball, location: 2F 0-2: Strikes out swinging
|
|
Batting: RHB Juan Picart
|
0-0: Ball 1-0: SINGLE (Groundball, 56S, EV 72.5 MPH) (infield hit) Dick E Scott to second
|
|
Batting: SHB Elton Hooker
|
0-0: Ball 1-0: Ground out 5-3 (Groundball, 56, EV 88.1 MPH)
|
| Top of the 3rd over - 0 runs, 1 hit, 0 errors, 2 left on base; Fargo 1 - Williston 0 |
| BOTTOM OF THE 3RD |
|
Williston Water Wolves batting - Pitching for Fargo Brewmasters : RHP Steven Stone
|
|
Batting: LHB John Mitchell
|
0-0: Foul Ball, location: 2F 0-1: Called Strike 0-2: Ball 1-2: Ball 2-2: Ball 3-2: Base on Balls
|
|
Batting: RHB Jose Lind
|
0-0: Ball 1-0: Fly out, F9 (Line Drive, 9, EV 91.3 MPH)
|
|
Batting: RHB Jim Reboulet
|
0-0: Called Strike 0-1: Grounds into double play, 5-4-3 (Groundball, 15, EV 78.8 MPH)
|
| Bottom of the 3rd over - 0 runs, 0 hits, 0 errors, 0 left on base; Fargo 1 - Williston 0 |
| TOP OF THE 4TH |
|
Fargo Brewmasters batting - Pitching for Williston Water Wolves : LHP Steven Sitek
|
|
Batting: RHB Adolph Crump
|
0-0: Ball 1-0: Ball 2-0: Foul Ball, location: 2F 2-1: Ball 3-1: Base on Balls
|
|
Batting: RHB Randall Thorpe
|
0-0: Ball 1-0: Grounds into double play, 4-6-3 (Groundball, 4, EV 87.5 MPH)
|
|
Batting: SHB Angel Escobar
|
0-0: Called Strike 0-1: Called Strike 0-2: Foul Ball, location: 2F 0-2: Fly out, F9 (Flyball, 89M, EV 95.6 MPH)
|
| Top of the 4th over - 0 runs, 0 hits, 0 errors, 0 left on base; Fargo 1 - Williston 0 |
| BOTTOM OF THE 4TH |
|
Williston Water Wolves batting - Pitching for Fargo Brewmasters : RHP Steven Stone
|
|
Batting: RHB Alexis Rendon
|
0-0: Called Strike 0-1: Fly out, F8 (Flyball, 8RD, EV 100.6 MPH)
|
|
Batting: RHB Pat Jelks
|
0-0: Ball 1-0: Called Strike 1-1: Foul Ball, location: 2F 1-2: Ground out 5-3 (Groundball, 25, EV 87.5 MPH)
|
|
Batting: LHB John Turner
|
0-0: Called Strike 0-1: Ground out 6-3 (Groundball, 6, EV 103.8 MPH)
|
| Bottom of the 4th over - 0 runs, 0 hits, 0 errors, 0 left on base; Fargo 1 - Williston 0 |
| TOP OF THE 5TH |
|
Fargo Brewmasters batting - Pitching for Williston Water Wolves : LHP Steven Sitek
|
|
Batting: LHB Victor Fernandez
|
0-0: Ball 1-0: Swinging Strike 1-1: Fly out, F7 (Flyball, 7LS, EV 86.9 MPH)
|
|
Batting: RHB Forace Oxendine
|
0-0: Ball 1-0: SINGLE (Line Drive, 34D, EV 96.3 MPH)
|
|
Batting: RHB Dick E Scott
|
0-0: Ball 1-0: Called Strike 1-1: Foul Ball, location: 2F 1-2: Foul Ball, location: 2F 1-2: Strikes out swinging
|
|
Batting: RHB Gus Polidor
|
0-0: Ball 1-0: SINGLE (Groundball, 56D, EV 106.9 MPH) Forace Oxendine to second
|
|
Batting: RHB Juan Picart
|
0-0: Ball Wild Pitch! Forace Oxendine to third Gus Polidor to second 1-0: Called Strike 1-1: Foul Ball, location: 2F 1-2: Strikes out swinging
|
| Top of the 5th over - 0 runs, 2 hits, 0 errors, 2 left on base; Fargo 1 - Williston 0 |
| BOTTOM OF THE 5TH |
|
Williston Water Wolves batting - Pitching for Fargo Brewmasters : RHP Steven Stone
|
|
Batting: RHB Pat Borders
|
0-0: Called Strike 0-1: Ground out 6-3 (Groundball, 6, EV 110.6 MPH)
|
|
Batting: SHB Devon White
|
0-0: Ball 1-0: Ball 2-0: Ball 3-0: Called Strike 3-1: Called Strike 3-2: Base on Balls
|
|
Batting: RHB Nelson Santovenia
|
0-0: Called Strike 0-1: Swinging Strike 0-2: Foul Ball, location: 2F 0-2: Ball 1-2: DOUBLE (Flyball, 9LD, EV 104.4 MPH) Devon White to third
|
|
Batting: LHB John Mitchell
|
0-0: Foul Ball, location: 2F 0-1: Ball 1-1: Swinging Strike 1-2: Ball 2-2: Foul Ball, location: 2F 2-2: Foul Ball, location: 2F 2-2: Foul Ball, location: 2F 2-2: Foul Ball, location: 2F 2-2: Foul Ball, location: 2F 2-2: Foul Ball, location: 2F 2-2: DOUBLE (Line Drive, 9LM, EV 103.8 MPH) Devon White scores Nelson Santovenia scores
|
|
Batting: RHB Jose Lind
|
0-0: Called Strike 0-1: Ground out 4-3 (Groundball, 4, EV 95.0 MPH) John Mitchell to third
|
|
Batting: RHB Jim Reboulet
|
0-0: Foul Ball, location: 2F 0-1: SINGLE (Groundball, 15S, EV 73.1 MPH) (infield hit) John Mitchell scores
|
|
Batting: RHB Alexis Rendon
|
0-0: Called Strike 0-1: Ground out 4-3 (Groundball, 4MS, EV 70.0 MPH)
|
| Bottom of the 5th over - 3 runs, 3 hits, 0 errors, 1 left on base; Fargo 1 - Williston 3 |
| TOP OF THE 6TH |
|
Fargo Brewmasters batting - Pitching for Williston Water Wolves : LHP Steven Sitek
|
|
Batting: SHB Elton Hooker
|
0-0: SINGLE (Groundball, 6, EV 100.6 MPH)
|
|
Batting: RHB Adolph Crump
|
0-0: Ball 1-0: Foul Ball, location: 2F 1-1: Ball 2-1: Ball Wild Pitch! Elton Hooker to second 3-1: Base on Balls
|
|
Batting: RHB Randall Thorpe
|
0-0: Ball 1-0: Ball 2-0: Swinging Strike 2-1: Called Strike 2-2: Ball 3-2: Foul Ball, location: 2F 3-2: Foul Ball, location: 2F 3-2: Base on Balls Elton Hooker to third Adolph Crump to second
|
|
Batting: SHB Angel Escobar
|
0-0: Ball 1-0: Ball 2-0: Called Strike 2-1: Ball 3-1: Called Strike 3-2: Base on Balls Elton Hooker scores Adolph Crump to third Randall Thorpe to second
|
|
Batting: LHB Victor Fernandez
|
0-0: Ball 1-0: Fly out, F9 (Flyball, 9D, EV 92.5 MPH) Runner from 3rd tags up, SCORES, no throw by RF Randall Thorpe to third
|
|
Batting: RHB Forace Oxendine
|
0-0: Ball 1-0: Swinging Strike 1-1: Foul Ball, location: 2F 1-2: Foul Ball, location: 2F 1-2: Strikes out swinging
|
|
Pitching: LHP Felix Tejeda
|
|
|
Batting: RHB Dick E Scott
|
0-0: Fielders Choice at 2nd, 6-4 (Groundball, 6, EV 100.6 MPH)
|
| Top of the 6th over - 2 runs, 1 hit, 0 errors, 2 left on base; Fargo 3 - Williston 3 |
| BOTTOM OF THE 6TH |
|
Williston Water Wolves batting - Pitching for Fargo Brewmasters : RHP Steven Stone
|
|
Batting: RHB Pat Jelks
|
0-0: Foul Ball, location: 2F 0-1: Ball 1-1: Called Strike 1-2: Ground out 6-3 (Groundball, 6, EV 100.6 MPH)
|
|
Batting: LHB John Turner
|
0-0: Ball 1-0: Swinging Strike 1-1: Fly out, F8 (Flyball, 78D, EV 95.6 MPH)
|
|
Batting: RHB Pat Borders
|
0-0: Ball 1-0: Foul Ball, location: 2F 1-1: Ball 2-1: Ground out 6-3 (Groundball, 6, EV 90.6 MPH)
|
| Bottom of the 6th over - 0 runs, 0 hits, 0 errors, 0 left on base; Fargo 3 - Williston 3 |
| TOP OF THE 7TH |
|
Fargo Brewmasters batting - Pitching for Williston Water Wolves : LHP Felix Tejeda
|
|
Batting: RHB Gus Polidor
|
0-0: Ball 1-0: Ball 2-0: Called Strike 2-1: Ball 3-1: Fly out, F3 (Popup, 3, EV 62.5 MPH)
|
|
Batting: RHB Juan Picart
|
0-0: Called Strike 0-1: Ground out 6-3 (Groundball, 56, EV 80.6 MPH)
|
|
Batting: SHB Elton Hooker
|
0-0: SINGLE (Line Drive, 4MD, EV 98.1 MPH)
|
|
Batting: RHB Adolph Crump
|
0-0: Called Strike 0-1: Swinging Strike 0-2: Ball 1-2: Ball 2-2: Ball Elton Hooker is caught stealing 2nd base 2-4
|
| Top of the 7th over - 0 runs, 1 hit, 0 errors, 0 left on base; Fargo 3 - Williston 3 |
| BOTTOM OF THE 7TH |
|
Williston Water Wolves batting - Pitching for Fargo Brewmasters : RHP Steven Stone
|
|
Batting: SHB Devon White
|
0-0: Fly out, F8 (Line Drive, 8RM, EV 89.4 MPH)
|
|
Batting: RHB Nelson Santovenia
|
0-0: Ball 1-0: Fly out, F7 (Flyball, 7LS, EV 96.9 MPH)
|
|
Batting: LHB John Mitchell
|
0-0: Ball 1-0: Ball 2-0: Ball 3-0: Base on Balls
|
|
Batting: RHB Jose Lind
|
0-0: Ball John Mitchell is caught stealing 2nd base 2-4
|
| Bottom of the 7th over - 0 runs, 0 hits, 0 errors, 0 left on base; Fargo 3 - Williston 3 |
| TOP OF THE 8TH |
|
Fargo Brewmasters batting - Pitching for Williston Water Wolves : LHP Felix Tejeda
|
|
Batting: RHB Adolph Crump
|
0-0: Called Strike 0-1: Called Strike 0-2: Ball 1-2: Ball 2-2: Foul Ball, location: 2F 2-2: Ball 3-2: Strikes out swinging
|
|
Batting: RHB Randall Thorpe
|
0-0: Fly out, F8 (Flyball, 8LD, EV 93.8 MPH)
|
|
Batting: SHB Angel Escobar
|
0-0: Ball 1-0: Ball 2-0: Ball 3-0: Base on Balls
|
|
Batting: LHB Victor Fernandez
|
0-0: Ball 1-0: Called Strike 1-1: Ball Angel Escobar is caught stealing 2nd base 2-6
|
| Top of the 8th over - 0 runs, 0 hits, 0 errors, 0 left on base; Fargo 3 - Williston 3 |
| BOTTOM OF THE 8TH |
|
Williston Water Wolves batting - Pitching for Fargo Brewmasters : RHP Steven Stone
|
|
Batting: RHB Jose Lind
|
0-0: Ball 1-0: Called Strike 1-1: SINGLE (Flyball, 34D, EV 90.6 MPH)
|
|
Batting: RHB Jim Reboulet
|
0-0: SINGLE (Groundball, 56D, EV 96.9 MPH) Jose Lind to second Runner from 2nd tries for 3rd, SAFE, throw by LF made to third
|
|
Batting: RHB Alexis Rendon
|
0-0: Ball 1-0: Called Strike 1-1: Ball 2-1: Ball 3-1: Base on Balls Jim Reboulet to second
|
|
Batting: RHB Pat Jelks
|
0-0: Ball 1-0: Ball Wild Pitch! Jose Lind scores Jim Reboulet to third Alexis Rendon to second 2-0: Ball 3-0: Called Strike 3-1: Base on Balls
|
|
Batting: LHB John Turner
|
0-0: DOUBLE (Line Drive, 3D, EV 98.8 MPH) Jim Reboulet scores Alexis Rendon scores Pat Jelks to third Runner from 3rd tries for Home, SAFE, throw by RF to trailing runner, SAFE at third!
|
|
Pitching: RHP William Thomas
|
|
|
Batting: RHB Pat Borders
|
0-0: Ball 1-0: Ball 2-0: Ball 3-0: Called Strike 3-1: Called Strike 3-2: Foul Ball, location: 2F 3-2: Base on Balls
|
|
Batting: SHB Devon White
|
0-0: Fielders Choice at 2nd, 1-6 (Groundball, 34S, EV 68.1 MPH)
|
|
Batting: RHB Nelson Santovenia
|
0-0: Called Strike 0-1: Foul Ball, location: 2F 0-2: SINGLE (Line Drive, 78S, EV 107.5 MPH) John Turner scores Devon White to second
|
|
Batting: LHB John Mitchell
|
0-0: Ball 1-0: Swinging Strike 1-1: Foul Ball, location: 2F 1-2: Ball 2-2: Ball 3-2: Fielders Choice at 2nd, 3-6 (Groundball, 34, EV 86.3 MPH) Devon White to third
|
|
Batting: RHB Jose Lind
|
0-0: Called Strike 0-1: Ball 1-1: Ball 2-1: Called Strike 2-2: Ground out 5-3 (Groundball, 56S, EV 82.5 MPH)
|
| Bottom of the 8th over - 5 runs, 4 hits, 0 errors, 2 left on base; Fargo 3 - Williston 8 |
| TOP OF THE 9TH |
|
Fargo Brewmasters batting - Pitching for Williston Water Wolves : LHP Felix Tejeda
|
|
Batting: LHB Victor Fernandez
|
0-0: Ball 1-0: Ball 2-0: Ball 3-0: Foul Ball, location: 2F 3-1: Swinging Strike 3-2: Base on Balls
|
|
Batting: RHB Forace Oxendine
|
0-0: Foul Ball, location: 2F 0-1: Fly out, F8 (Line Drive, 8RM, EV 103.1 MPH)
|
|
Batting: RHB Dick E Scott
|
0-0: Ball 1-0: Ball 2-0: Ball 3-0: Called Strike 3-1: Fly out, F9 (Line Drive, 9, EV 93.8 MPH)
|
|
Batting: RHB Gus Polidor
|
0-0: Swinging Strike 0-1: Ground out U3 (Groundball, 34S, EV 89.4 MPH)
|
| Top of the 9th over - 0 runs, 0 hits, 0 errors, 1 left on base; Fargo 3 - Williston 8 |
|